 Dungeon Crawl Stone Soup version 0.20-a0-850-ge5a7832 (webtiles) character file.

333 qpzil the Ruffian (level 6, 0/61 HPs)
             Began as a Troll Monk on Mar 10, 2017.
             Succumbed to an adder's poison
             ... on level 3 of the Dungeon.
             The game lasted 00:04:30 (2115 turns).

qpzil the Ruffian (Troll Monk)                      Turns: 2115, Time: 00:04:31

Health: 0/61       AC:  5    Str: 21    XL:     6   Next: 27%
Magic:  5/5        EV: 11    Int:  6    God:
Gold:   119        SH:  0    Dex: 13    Spells: 5/5 levels left

rFire    . . .     SeeInvis .     - Unarmed
rCold    . . .     Gourm    +   a - +0 robe
rNeg     . . .     Faith    .   (no shield)
rPois    .         Spirit   .   (helmet restricted)
rElec    .         Reflect  .   (no cloak)
rCorr    .         Harm     .   (gloves unavailable)
MR       .....                  (boots unavailable)
Stlth    ++........             (no amulet)
Regen    0.6/turn               (no ring)
MPRegen  0.1/turn               (no ring)

@: lethally poisoned (0 -> -1), flying
A: unfitting armour, claws 3, fast metabolism 3, gourmand, regeneration 1,
shaggy fur 1, tough skin 2
a: no special abilities


You were on level 3 of the Dungeon.
You were not hungry.

You visited 1 branch of the dungeon, and saw 3 of its levels.
You also visited: Sewer.

You collected 119 gold pieces.

Inventory:

Armour
 a - a +0 robe (worn)
Jewellery
 p - a +2 ring of protection {unknown}
Wands
 m - a wand of lightning (1/15)
Scrolls
 d - 2 scrolls of amnesia {unknown}
 j - a scroll of identify {unknown}
 l - 2 scrolls of remove curse {unknown}
 r - 4 scrolls of teleportation {unknown}
 s - a scroll of fear {unknown}
Potions
 c - 2 potions of magic {unknown}
 e - 2 potions of flight
 g - a potion of mutation {unknown}
 h - a potion of haste {unknown}
 i - a potion of curing {unknown}
 k - a potion of agility {unknown}
 n - a potion of degeneration {unknown}
 o - 2 potions of brilliance {unknown}
 q - a potion of might {unknown}
Comestibles
 b - 5 bread rations
 f - 2 royal jellies


   Skills:
 + Level 3.0 Fighting
 + Level 3.1 Dodging
 + Level 1.7 Stealth
 * Level 5.8 Unarmed Combat


You had 5 spell levels left.
You didn't know any spells.

Dungeon Overview and Level Annotations

Branches:
Dungeon (3/15)

Altars:
Fedhas
Hepliaklqana
Kikubaaqudgha
Sif Muna
Zin


Innate Abilities, Weirdness & Mutations

You are too large for most types of armour.
You have claws for hands.
Your metabolism is lightning-fast.
You like to eat raw meat.
Your natural rate of healing is unusually fast.
You are covered in fur. (AC +1)
You have very tough skin. (AC +2)


Message History

The jackal bites you but does no damage.
* * * LOW HITPOINT WARNING * * *
You feel sick. The jackal closely misses you. The jackal barely misses you.
You barely miss the jackal.
* * * LOW HITPOINT WARNING * * *
You feel sick.
The jackal bites you but does no damage.
You claw the jackal!
You kill the jackal!
* * * LOW HITPOINT WARNING * * *
You feel sick.
* * * LOW HITPOINT WARNING * * *
You feel sick.
You see here a jackal corpse.
* * * LOW HITPOINT WARNING * * *
You feel sick.
It was a potion of flight.
You feel very buoyant.
You fly up into the air.
You die...

....# #.##. ....#
##.#.. # ##.#.# ......
#. #..#(# #....
..#..#.# ##....
#.......# .....≈
#.##.#.# #...≈
#.....†# ##..(≈
##...†@# ......
#.#.#.# ##.... #
#.#.##### #....
#.......# ##.###
#.###.#...### #.#...
#...........######.###
#####.................
#.......##########
###...###


There were no monsters in sight!

Vanquished Creatures
  Sigmund (D:2)
  A hound (D:3)
  A river rat (D:3)
  5 adders
  A worm (D:2)
  4 dart slugs (D:1)
  5 leopard geckos
  An orc (D:3)
  2 ball pythons
  11 bats
  3 giant cockroaches
  7 goblins
  11 hobgoblins
  7 jackals
  A quokka (D:3)
  4 frilled lizards
  4 kobolds
  11 rats
80 creatures vanquished.

Notes
Turn   | Place    | Note
-------+----------+-------------------------------------------
     0 | D:1      | qpzil the Troll Monk began the quest for the Orb.
     0 | D:1      | Reached XP level 1. HP: 22/22 MP: 0/0
   150 | D:1      | Reached XP level 2. HP: 29/29 MP: 1/1
   778 | D:1      | Reached XP level 3. HP: 33/36 MP: 2/2
  1014 | D:2      | Found a hazy altar of Hepliaklqana.
  1014 | D:2      | Found a deep blue altar of Sif Muna.
  1015 | D:2      | Found an ancient bone altar of Kikubaaqudgha.
  1030 | D:2      | Noticed Sigmund
  1054 | D:2      | Killed Sigmund
  1054 | D:2      | Reached skill level 5 in Unarmed Combat
  1054 | D:2      | Reached XP level 4. HP: 27/44 MP: 3/3
  1054 | D:2      | Reached XP level 5. HP: 32/52 MP: 4/4
  1090 | D:2      | Found a glowing silver altar of Zin.
  1220 | D:2      | Found a blossoming altar of Fedhas.
  1705 | D:3      | Reached XP level 6. HP: 59/61 MP: 5/5
  1728 | D:3      | Found a glowing drain.
  1746 | Sewer    | Entered a sewer
  2110 | D:3      | HP: 3/61 [poisoned by an adder]
  2114 | D:3      | HP: 1/61 [poisoned by an adder]
  2115 | D:3      | Succumbed to an adder's poison

Vault maps used:
D:1:      noname_arrival_rooms_in_the_neighbourhood, minmay_cupped
D:2:      old_standard_altar, nicolae_overflow_quartered_altars, first_bread,
          uniq_sigmund
D:3:      portal_sewer_entry_a
Sewer:    sewer_fruit_machine

Skill      XL: |  1  2  3  4  5 |
---------------+----------------+-----
Dodging        | 3 |  3.1
Unarmed Combat | 5 |  5.8
Fighting       | 3 |  3.0
Stealth        | |  1.7

Action                   |  1- 3 |  4- 6 || total
-------------------------+-------+-------++-------
Melee: Unarmed           |    65 |   121 ||   186
       Punch             |     2 |     1 ||     3
  Use: Potion            |       |     1 ||     1
 Stab: Sleeping          |     5 |     3 ||     8
  Eat: Chunk             |    12 |     9 ||    21
Armor: Robe              |    12 |    88 ||   100
Dodge: Dodged            |    28 |   136 ||   164
